BSA
MAUI TROPICS @ ST CHARLES SHEENS
09/20/2024
 
TOP OF THE 1ST
Maui Tropics batting - Pitching for St Charles Sheens : LHP Jacques Lang
Pitching: LHP Jacques Lang
Batting: RHB António Martínez 0-0: Ball
1-0: Ball
2-0: Ball
3-0: Called Strike
3-1: Foul Ball, location: 2F
3-2: Strikes out looking
Batting: RHB Jesús Espinoza 0-0: Ball
1-0: Ball
2-0: Fly out, F1 (Popup, 15S)
Batting: RHB Juan Jose Guevana 0-0: Called Strike
0-1: Ball
1-1: Ball
2-1: Called Strike
2-2: Ball
3-2: Foul Ball, location: 2F
3-2: Foul Ball, location: 2F
3-2: Base on Balls
Batting: RHB Ximena Campos 0-0: Ball
1-0: Foul Ball, location: 2F
1-1: Ball
2-1: Swinging Strike
2-2: Ball
3-2: Base on Balls
Juan Jose Guevana to second
Batting: RHB Phil White 0-0: Foul Ball, location: 2F
0-1: Ball
1-1: Ball
2-1: Fly out, F9 (Flyball, 89S)
Top of the 1st over - 0 run(s), 0 hit(s), 0 error(s), 2 left on base; Maui 0 - St Charles 0
BOTTOM OF THE 1ST
St Charles Sheens batting - Pitching for Maui Tropics : RHP Luis Salazar
Pitching: RHP Luis Salazar
Batting: LHB Bob Ware 0-0: Ball
1-0: Foul Ball, location: 2F
1-1: Ball
2-1: Ball
3-1: Foul Ball, location: 2F
3-2: Fly out, F3 (Line Drive, 3)
Batting: RHB Kel Pierce 0-0: Called Strike
0-1: Ball
1-1: Fly out, F7 (Flyball, 7M)
Batting: LHB Jeff Carter 0-0: SINGLE (Groundball, 56D)
Batting: LHB Gene Cooper 0-0: Ball
1-0: Fly out, F5 (Popup, 5F)
Bottom of the 1st over - 0 run(s), 1 hit(s), 0 error(s), 1 left on base; Maui 0 - St Charles 0
TOP OF THE 2ND
Maui Tropics batting - Pitching for St Charles Sheens : LHP Jacques Lang
Batting: LHB Doyle Otterburn 0-0: Ball
1-0: Ball
2-0: Ball
3-0: Called Strike
3-1: Swinging Strike
3-2: Foul Ball, location: 2F
3-2: Base on Balls
Batting: RHB Armando Martínez 0-0: Ball
1-0: Called Strike
1-1: Foul Ball, location: 2F
1-2: Ball
2-2: Ball
3-2: Base on Balls
Doyle Otterburn to second
Batting: LHB Javier Espinoza 0-0: Called Strike
0-1: Ball
1-1: Swinging Strike
1-2: Strikes out looking
Batting: RHB Jung-ha Kim 0-0: Called Strike
0-1: Ball
1-1: Called Strike
1-2: Strikes out swinging
Batting: RHB António Martínez 0-0: Called Strike
0-1: Ball
1-1: Foul Ball, location: 2F
1-2: Foul Ball, location: 2F
1-2: Fly out, F7 (Flyball, 78D)
Top of the 2nd over - 0 run(s), 0 hit(s), 0 error(s), 2 left on base; Maui 0 - St Charles 0
BOTTOM OF THE 2ND
St Charles Sheens batting - Pitching for Maui Tropics : RHP Luis Salazar
Batting: RHB Max Rash 0-0: Ball
1-0: Ball
2-0: Fly out, F8 (Flyball, 8LS)
Batting: LHB Katsumi Morishita 0-0: Fly out, F5 (Popup, 56)
Batting: RHB Júlio Hernández 0-0: Foul Ball, location: 2F
0-1: SINGLE (Groundball, 34D)
Batting: RHB Guo-xiu Choi 0-0: Ball
1-0: Foul Ball, location: 2F
1-1: Ball
2-1: Called Strike
Júlio Hernández is caught stealing 2nd base
Bottom of the 2nd over - 0 run(s), 1 hit(s), 0 error(s), 0 left on base; Maui 0 - St Charles 0
TOP OF THE 3RD
Maui Tropics batting - Pitching for St Charles Sheens : LHP Jacques Lang
Batting: RHB Jesús Espinoza 0-0: Called Strike
0-1: Foul Ball, location: 2F
0-2: Ball
1-2: Foul Ball, location: 2F
1-2: Foul Ball, location: 2F
1-2: DOUBLE (Groundball, 5L)
Batting: RHB Juan Jose Guevana 0-0: Foul Ball, location: 2F
0-1: Ball
1-1: Swinging Strike
1-2: Fly out, F6 (Line Drive, 6S)
Batting: RHB Ximena Campos 0-0: Called Strike
0-1: Foul Ball, location: 2F
0-2: Ball
1-2: Ball
2-2: Strikes out swinging
Batting: RHB Phil White 0-0: Ball
1-0: Called Strike
1-1: Ball
2-1: Swinging Strike
2-2: Strikes out swinging
Top of the 3rd over - 0 run(s), 1 hit(s), 0 error(s), 1 left on base; Maui 0 - St Charles 0
BOTTOM OF THE 3RD
St Charles Sheens batting - Pitching for Maui Tropics : RHP Luis Salazar
Batting: RHB Guo-xiu Choi 0-0: Ball
1-0: Called Strike
1-1: Bunted foul
1-2: Foul Ball, location: 2F
1-2: DOUBLE (Line Drive, 9LM)
Batting: RHB Alfredo Rivera 0-0: Ball
1-0: 2-RUN HOME RUN (Flyball, 7D), Distance : 390 ft
Batting: LHB Bob Ware 0-0: Called Strike
0-1: Foul Ball, location: 2F
0-2: Foul Ball, location: 2F
0-2: Ball
1-2: Ball
2-2: Ball
3-2: DOUBLE (Groundball, 5L)
Batting: RHB Kel Pierce 0-0: Ball
1-0: Foul Ball, location: 2F
1-1: Foul Ball, location: 2F
1-2: Strikes out swinging
Batting: LHB Jeff Carter 0-0: Ball
1-0: Swinging Strike
1-1: Ball
Balk!
Bob Ware to third
2-1: Fly out, F7 (Flyball, 7LM)
Runner from 3rd tags up, SCORES, no throw
Batting: LHB Gene Cooper 0-0: Ball
1-0: Ball
2-0: Ball
3-0: Base on Balls
Batting: RHB Max Rash 0-0: Ball
1-0: Called Strike
1-1: Reached on error, E5 (Groundball, 5L)
Gene Cooper to second
Batting: LHB Katsumi Morishita 0-0: Ball
1-0: Fly out, F1 (Line Drive, 15)
Bottom of the 3rd over - 3 run(s), 3 hit(s), 1 error(s), 2 left on base; Maui 0 - St Charles 3
TOP OF THE 4TH
Maui Tropics batting - Pitching for St Charles Sheens : LHP Jacques Lang
Batting: LHB Doyle Otterburn 0-0: Ball
1-0: Called Strike
1-1: Ball
2-1: Called Strike
2-2: SINGLE (Groundball, 6MD)
Batting: RHB Armando Martínez 0-0: Called Strike
0-1: Hit by Pitch
Doyle Otterburn to second
Batting: LHB Javier Espinoza 0-0: Called Strike
0-1: Ball
1-1: Foul Ball, location: 2F
1-2: Foul Ball, location: 2F
1-2: Ball
2-2: Strikes out looking
Batting: RHB Jung-ha Kim 0-0: Ball
1-0: Fly out, F8 (Flyball, 8LXD)
Runner from 2nd tags up, SAFE at 3rd, no throw
Batting: RHB António Martínez 0-0: Reached on error, E6 (Groundball, 56)
Doyle Otterburn scores
Armando Martínez to second
Batting: RHB Jesús Espinoza 0-0: Swinging Strike
Balk!
Armando Martínez to third
António Martínez to second
0-1: Ball
1-1: Ball
2-1: Foul Ball, location: 2F
2-2: Foul Ball, location: 2F
2-2: Strikes out swinging
Top of the 4th over - 1 run(s), 1 hit(s), 1 error(s), 2 left on base; Maui 1 - St Charles 3
BOTTOM OF THE 4TH
St Charles Sheens batting - Pitching for Maui Tropics : RHP Luis Salazar
Batting: RHB Júlio Hernández 0-0: Fly out, F8 (Flyball, 8RD)
Batting: RHB Guo-xiu Choi 0-0: Called Strike
0-1: Ground out U3 (Groundball, 3L)
Batting: RHB Alfredo Rivera 0-0: Swinging Strike
0-1: Ball
1-1: Foul Ball, location: 2F
1-2: Foul Ball, location: 2F
1-2: Foul Ball, location: 2F
1-2: Ball
2-2: Foul Ball, location: 2F
2-2: Strikes out swinging
Bottom of the 4th over - 0 run(s), 0 hit(s), 0 error(s), 0 left on base; Maui 1 - St Charles 3
TOP OF THE 5TH
Maui Tropics batting - Pitching for St Charles Sheens : LHP Jacques Lang
Pitching: LHP Rubén Martínez
Batting: RHB Juan Jose Guevana 0-0: Ball
1-0: Ball
2-0: Ball
3-0: Called Strike
3-1: Ground out 6-3 (Groundball, 6M)
Batting: RHB Ximena Campos 0-0: Called Strike
0-1: Ball
1-1: Ground out 6-3 (Groundball, 6)
Batting: RHB Phil White 0-0: Called Strike
0-1: Swinging Strike
0-2: Ball
1-2: Strikes out swinging
Top of the 5th over - 0 run(s), 0 hit(s), 0 error(s), 0 left on base; Maui 1 - St Charles 3
BOTTOM OF THE 5TH
St Charles Sheens batting - Pitching for Maui Tropics : RHP Luis Salazar
Batting: LHB Bob Ware 0-0: Ball
1-0: Foul Ball, location: 2F
1-1: DOUBLE (Groundball, 3L)
Batting: RHB Kel Pierce 0-0: Reached on error, E6 (Groundball, 6M)
Bob Ware to third
Batting: LHB Jeff Carter 0-0: Ball
1-0: Ball
2-0: Ball
3-0: Called Strike
3-1: Base on Balls
Kel Pierce to second
Batting: LHB Gene Cooper 0-0: Called Strike
0-1: Foul Ball, location: 2F
0-2: Ball
1-2: Ground out 4-3 (Groundball, 4MS)
Bob Ware scores
Kel Pierce to third
Jeff Carter to second
Batting: RHB Max Rash 0-0: Ball
1-0: Ball
2-0: Ball
3-0: Called Strike
3-1: Base on Balls
Batting: LHB Katsumi Morishita 0-0: Ball
1-0: Fielders Choice at 2nd, 4-6 (Groundball, 4)
Kel Pierce scores
Jeff Carter to third
Batting: RHB Júlio Hernández 0-0: Called Strike
0-1: Ball
1-1: DOUBLE (Line Drive, 9LM)
Jeff Carter scores
Katsumi Morishita to third
Runner from 3rd tries for Home, SAFE, no throw or cutoff
Batting: RHB Guo-xiu Choi 0-0: Ball
1-0: Called Strike
1-1: Swinging Strike
1-2: Ground out 6-3 (Groundball, 6)
Bottom of the 5th over - 4 run(s), 2 hit(s), 1 error(s), 1 left on base; Maui 1 - St Charles 7
TOP OF THE 6TH
Maui Tropics batting - Pitching for St Charles Sheens : LHP Rubén Martínez
Batting: LHB Doyle Otterburn 0-0: Foul Ball, location: 2F
0-1: Foul Ball, location: 2F
0-2: Ball
1-2: Strikes out swinging
Batting: RHB Armando Martínez 0-0: Ground out 6-3 (Groundball, 6)
Batting: LHB Javier Espinoza 0-0: Fly out, F9 (Flyball, 89M)
Top of the 6th over - 0 run(s), 0 hit(s), 0 error(s), 0 left on base; Maui 1 - St Charles 7
BOTTOM OF THE 6TH
St Charles Sheens batting - Pitching for Maui Tropics : RHP Luis Salazar
Batting: RHB Alfredo Rivera 0-0: Called Strike
0-1: Called Strike
0-2: Ball
1-2: Ball
2-2: Foul Ball, location: 2F
2-2: Foul Ball, location: 2F
2-2: Fly out, F8 (Flyball, 8LXD)
Batting: LHB Bob Ware 0-0: Ball
1-0: Fly out, F6 (Popup, 6)
Batting: RHB Kel Pierce 0-0: Fly out, F9 (Flyball, 9LM)
Bottom of the 6th over - 0 run(s), 0 hit(s), 0 error(s), 0 left on base; Maui 1 - St Charles 7
TOP OF THE 7TH
Maui Tropics batting - Pitching for St Charles Sheens : LHP Rubén Martínez
Pitching: LHP Jack Taylor
Batting: RHB Jung-ha Kim 0-0: Ball
1-0: Fly out, F8 (Flyball, 8RXD)
Batting: RHB António Martínez 0-0: Called Strike
0-1: Foul Ball, location: 2F
0-2: Ball
1-2: Fly out, F7 (Flyball, 7LM)
Batting: RHB Jesús Espinoza 0-0: Called Strike
0-1: Foul Ball, location: 2F
0-2: Ball
1-2: Strikes out swinging, 2-3 out at first.
Top of the 7th over - 0 run(s), 0 hit(s), 0 error(s), 0 left on base; Maui 1 - St Charles 7
BOTTOM OF THE 7TH
St Charles Sheens batting - Pitching for Maui Tropics : RHP Luis Salazar
Batting: LHB Jeff Carter 0-0: Swinging Strike
0-1: Foul Ball, location: 2F
0-2: Fly out, F8 (Flyball, 8RS)
Batting: LHB Gene Cooper 0-0: Ball
1-0: Ball
2-0: Called Strike
2-1: Ground out 4-3 (Groundball, 4M)
Batting: RHB Max Rash 0-0: Fly out, F7 (Flyball, 78D)
Bottom of the 7th over - 0 run(s), 0 hit(s), 0 error(s), 0 left on base; Maui 1 - St Charles 7
TOP OF THE 8TH
Maui Tropics batting - Pitching for St Charles Sheens : LHP Jack Taylor
Now at SS: Richard Bowman
Batting: RHB Juan Jose Guevana 0-0: Ground out 6-3 (Groundball, 6)
Batting: RHB Ximena Campos 0-0: Foul Ball, location: 2F
0-1: Swinging Strike
0-2: Ball
1-2: Fly out, F3 (Popup, 3F)
Batting: RHB Phil White 0-0: Ball
1-0: Ball
2-0: Ball
3-0: Called Strike
3-1: Base on Balls
Batting: LHB Doyle Otterburn 0-0: Called Strike
0-1: Called Strike
0-2: Foul Ball, location: 2F
0-2: Ball
1-2: Strikes out swinging
Top of the 8th over - 0 run(s), 0 hit(s), 0 error(s), 1 left on base; Maui 1 - St Charles 7
BOTTOM OF THE 8TH
St Charles Sheens batting - Pitching for Maui Tropics : RHP Luis Salazar
Pitching: RHP Norman White
Batting: LHB Katsumi Morishita 0-0: Called Strike
0-1: Foul Ball, location: 2F
0-2: Ball
1-2: Strikes out swinging
Batting: RHB Júlio Hernández 0-0: Called Strike
0-1: Called Strike
0-2: Strikes out swinging
Batting: RHB Guo-xiu Choi 0-0: Called Strike
0-1: Foul Ball, location: 2F
0-2: Ball
1-2: Ball
2-2: Ball
3-2: Strikes out looking
Bottom of the 8th over - 0 run(s), 0 hit(s), 0 error(s), 0 left on base; Maui 1 - St Charles 7
TOP OF THE 9TH
Maui Tropics batting - Pitching for St Charles Sheens : LHP Jack Taylor
Now at C: Xavier Feliciano
Batting: RHB Armando Martínez 0-0: Swinging Strike
0-1: Foul Ball, location: 2F
0-2: Ball
1-2: Fly out, F9 (Flyball, 9LMF)
Batting: LHB Javier Espinoza 0-0: Called Strike
0-1: Ball
1-1: Foul Ball, location: 2F
1-2: Strikes out swinging
Batting: RHB Jung-ha Kim 0-0: Fly out, F9 (Flyball, 89M)
Top of the 9th over - 0 run(s), 0 hit(s), 0 error(s), 0 left on base; Maui 1 - St Charles 7
This league is powered by Out of the Park Baseball, the baseball management simulation game for PC, Mac and Linux
Saturday, April 9th, 2016 - OOTP Baseball 16.8 Build 38